 Dungeon Crawl Stone Soup version 0.26-a0-598-g61e6210cf4 (webtiles) character file.

Game seed: 18409659179061678513

1589 THICCCLAPPER the Destroyer (level 8, -12/41 HPs)
             Began as a Gargoyle Conjurer on Aug 27, 2020.
             Mangled by an orc warrior
             ... wielding a +0 battleaxe
              (14 damage)
             ... on level 6 of the Dungeon.
             The game lasted 00:14:50 (5469 turns).

THICCCLAPPER the Destroyer (Gargoyle Conjurer)      Turns: 5469, Time: 00:14:51

Health: -12/41     AC: 11    Str: 11    XL:     8   Next: 92%
Magic:  2/16       EV: 13    Int: 21    God:
Gold:   173        SH:  0    Dex: 14    Spells: 11/18 levels left

rFire    . . .     SeeInvis .   v - staff of cold
rCold    + + .     Faith    .   (no shield)
rNeg     + . .     Spirit   .   o - +2 robe {rC+}
rPois    ∞         Reflect  .   (no helmet)
rElec    +         Harm     .   g - +0 cloak (curse)
rCorr    .                      (no gloves)
MR       .....                  c - +0 pair of boots (curse)
Stlth    ++........             (no amulet)
HPRegen  0.13/turn              s - +6 ring of dexterity
MPRegen  0.15/turn              w - ring of wizardry

@: slowed, very slow
A: negative energy resistance 1, electricity resistance, unbreathing,
petrification resistance, rot immunity, AC +5
a: no special abilities


You were on level 6 of the Dungeon.
You visited 1 branch of the dungeon, and saw 6 of its levels.

You collected 173 gold pieces.

Inventory:

Hand Weapons
 i - a +0 dagger
Missiles
 q - a throwing net (quivered)
Armour
 c - a cursed +0 pair of boots (worn)
 g - a cursed +0 cloak (worn)
 o - a +2 robe of cold resistance (worn)
 x - a scarf of shadows
 z - a scarf of shadows
 H - +0 acid dragon scales
Magical Staves
 v - an uncursed staff of cold (weapon)
Jewellery
 s - a +6 ring of dexterity (left hand)
 w - a ring of wizardry (right hand)
Wands
 t - a wand of flame (20)
 y - a wand of random effects (25)
 F - a wand of iceblast (7)
 G - a wand of polymorph (14)
Scrolls
 e - 5 scrolls of remove curse {unknown}
 f - 2 scrolls of magic mapping {unknown}
 j - 3 scrolls of teleportation {unknown}
 k - 2 scrolls of enchant armour {unknown}
 l - 3 scrolls of identify {unknown}
 m - a scroll of amnesia {unknown}
 r - 3 scrolls of enchant weapon {unknown}
 C - a scroll of random uselessness {unknown}
 D - a scroll of fog {unknown}
Potions
 a - 5 potions of curing {unknown}
 b - 4 potions of ambrosia {unknown}
 d - 2 potions of heal wounds {unknown}
 h - 2 potions of might {unknown}
 n - a potion of flight {unknown}
 p - 2 potions of haste {unknown}
 u - 2 potions of magic {unknown}
 A - a potion of invisibility {unknown}
 B - a potion of stabbing {unknown}
 E - a potion of lignification {unknown}


   Skills:
 + Level 2.0 Staves
 - Level 2.5 Dodging
 - Level 2.1 Stealth
 + Level 5.7 Spellcasting
 + Level 9.0 Conjurations
 + Level 3.9 Hexes


You had 11 spell levels left.
You knew the following spells:

 Your Spells              Type           Power        Failure   Level
a - Magic Dart            Conj           ####         1%          1
b - Searing Ray           Conj           #####.       1%          2
c - Fulminant Prism       Conj/Hex       ####......   2%          4

Your spell library contained the following spells:

 Spells                   Type           Power        Failure   Level
 Dazzling Flash           Conj/Hex       ####..       1%          3
 Iskenderun's Mystic Bla  Conj/Tloc      ####....     6%          4


Dungeon Overview and Level Annotations

Branches:
Dungeon (6/15)
 Temple: D:4-7

Altars:
Cheibriados
Nemelex Xobeh
The Shining One

Annotations:
D:6 Eustachio


Innate Abilities, Weirdness & Mutations

You are resistant to torment.
Your stone body is resilient. (AC +5)
You are immune to poison.
You resist negative energy. (rN+)
You are resistant to electric shocks. (rElec)
You can survive without breathing.
You are immune to petrification.
You are immune to rotting.


Message History

You hit the orc wizard.
The orc wizard is lightly wounded.
The orc warrior barely misses you.
The orc wizard gestures wildly while chanting.
The orc wizard blinks!
The rat barely misses you. The orc warrior closely misses you.
The orc warrior hits you but does no damage.
You hit the orc wizard but do no damage.
The orc wizard hits you but does no damage.
The orc wizard mumbles some strange words.
The orc wizard blinks!
The rat closely misses you.
The orc wizard mumbles some strange words.
The orc wizard blinks!
The orc warrior barely misses you.
The orc warrior hits you with a cursed -1 dire flail!!
* * * LOW HITPOINT WARNING * * *
The rat bites you but does no damage.
You barely miss the orc wizard.
The orc wizard is lightly wounded.
The orc warrior hits you with a +0 battleaxe!
You die...

. .........##.##.......##
..##.......##..#........#
..............)........#
#...............o....#
#..........##...§....#
###.$....@...o.......#
##.##.o{.#..###...##
#####bo##..# .## ##r@oo##
# ###o.# #.## ###


You could see Eustachio, 2 orc warriors, 2 orc wizards, 2 orcs, a bat (summoned)
and a rat (summoned).

Vanquished Creatures
  Maggie (D:6)
  Sigmund (D:4)
  Menkaure (D:4)
  A black bear (D:6)
  A sky beast (D:5)
  A phantom (D:4)
  2 ogres
  A scorpion (D:4)
  A bullfrog zombie (D:5)
  A bullfrog skeleton (D:5)
  A jelly (D:6)
  2 orc wizards (D:5)
  Jessica (D:3)
  Natasha (thrice) (D:3)
  An iguana (D:4)
  A worker ant (D:6)
  Robin (D:3)
  A hound skeleton (D:4)
  4 gnolls (D:3)
  4 adders
  3 shadow imps (D:5)
  2 white imps (D:5)
  An adder skeleton (D:4)
  A worm (D:3)
  4 dart slugs
  2 leopard geckos
  13 orcs
  4 ball pythons
  3 giant cockroaches
  14 goblins
  6 hobgoblins
  14 jackals
  5 kobolds
  A quokka (D:6)
  A ball python skeleton (D:6)
  4 bats
  2 frilled lizards
  A jackal skeleton (D:5)
  A leopard gecko zombie (D:6)
  15 rats
127 creatures vanquished.

Notes
Turn   | Place    | Note
-------+----------+-------------------------------------------
     0 | D:1      | THICCCLAPPER the Gargoyle Conjurer began the quest for the
                  | Orb.
     0 | D:1      | Reached XP level 1. HP: 10/10 MP: 3/3
     0 | D:1      | Upgraded the game from 0.26-a0-597-gb535b0901c to
                  | 0.26-a0-598-g61e6210cf4
   283 | D:1      | Reached XP level 2. HP: 15/15 MP: 3/5
   890 | D:1      | Found a sparkling altar of Nemelex Xobeh.
   896 | D:1      | Reached XP level 3. HP: 19/19 MP: 1/6
   900 | D:1      | Learned a level 2 spell: Searing Ray
  1219 | D:1      | Reached skill level 5 in Conjurations
  1950 | D:2      | Reached XP level 4. HP: 24/24 MP: 1/8
  2227 | D:3      | Noticed Natasha
  2235 | D:3      | Killed Natasha
  2359 | D:3      | Noticed Robin
  2367 | D:3      | Killed Robin
  2372 | D:3      | Reached XP level 5. HP: 20/28 MP: 0/10
  2611 | D:3      | Found a glowing golden altar of the Shining One.
  2650 | D:3      | Noticed Jessica
  2653 | D:3      | Killed Jessica
  2719 | D:3      | Reached skill level 6 in Conjurations
  2734 | D:3      | Noticed Natasha
  2843 | D:3      | Killed Natasha
  2850 | D:3      | Learned a level 4 spell: Fulminant Prism
  2913 | D:3      | Noticed Natasha
  2916 | D:3      | Killed Natasha
  2916 | D:3      | Reached XP level 6. HP: 32/32 MP: 8/12
  3137 | D:4      | Found a snail-covered altar of Cheibriados.
  3182 | D:4      | Noticed Sigmund
  3200 | D:4      | Killed Sigmund
  3200 | D:4      | Reached skill level 1 in Hexes
  3295 | D:4      | Reached XP level 7. HP: 36/36 MP: 8/13
  3297 | D:4      | Reached skill level 7 in Conjurations
  3639 | D:4      | Noticed Menkaure
  3642 | D:4      | Killed Menkaure
  3894 | D:5      | Entered Level 5 of the Dungeon
  3965 | D:5      | Reached skill level 5 in Spellcasting
  3965 | D:5      | Reached skill level 8 in Conjurations
  3965 | D:5      | Reached XP level 8. HP: 41/41 MP: 8/15
  5147 | D:6      | Noticed Maggie
  5424 | D:6      | Killed Maggie
  5424 | D:6      | Reached skill level 1 in Staves
  5424 | D:6      | Reached skill level 9 in Conjurations
  5434 | D:6      | Noticed Eustachio
  5468 | D:6      | HP: 2/41 [orc warrior/cursed -1 dire flail (19)]
  5469 | D:6      | Mangled by an orc warrior

Illustrated notes

Levels and vault maps discovered:
D:1:      minmay_arrival_cross, layout_loops_corners,
          nemelex_xobeh_ov_fountains_minmay
D:2:      layout_basic
D:3:      layout_basic, nicolae_overflow_crystal_walls, uniq_natasha,
          uniq_jessica, uniq_robin
D:4:      layout_cave_pools, kennysheep_slug_shrine, uniq_menkaure, uniq_sigmund
D:5:      layout_loops_corners
D:6:      layout_cave_pools, portal_sewer_entry_e, uniq_eustachio, uniq_maggie

Skill      XL: |  1  2  3  4  5  6  7  8 |
---------------+-------------------------+-----
Conjurations   | 5 6 8 9 |  9.0
Spellcasting   | 3 4 5 |  5.7
Dodging        | 2 |  2.5
Hexes          | 1 2 3 |  3.9
Staves         | 2 |  2.0
Stealth        | |  2.1

Action                   |  1- 3 |  4- 6 |  7- 9 || total
-------------------------+-------+-------+-------++-------
Melee: Unarmed           |    10 |       |       ||    10
       Dagger            |     3 |    47 |     1 ||    51
       Staff             |       |       |    54 ||    54
 Cast: Magic Dart        |    61 |    16 |    16 ||    93
       Searing Ray       |       |    24 |    40 ||    64
Evoke: Wand              |       |       |     1 ||     1
 Stab: Sleeping          |       |     1 |     1 ||     2
Armor: Robe              |    14 |    26 |    54 ||    94
Dodge: Dodged            |    14 |    26 |    88 ||   128

Table legend: (Time is in decaauts)
 A = Elapsed time spent in this place.
 B = Non-inter-level travel time spent in this place.
 C = Inter-level travel time spent in this place.
 D = Time resting spent in this place.
 E = Time spent auto-exploring this place.
 F = Levels seen in this place.
 G = Mean time per level.
                   A        B        C        D        E       F      G
               +--------+--------+--------+--------+--------+-----+--------+
         Total |   5474 |   5348 |    126 |    354 |   4066 |   6 |  912.3 |
       Dungeon |   5474 |   5348 |    126 |    354 |   4066 |   6 |  912.3 |
               +--------+--------+--------+--------+--------+-----+--------+

Top non-repeatable levels by time:
     D:5: 1385 daAuts
     D:1: 1368 daAuts
     D:3: 969 daAuts
     D:4: 780 daAuts
     D:2: 773 daAuts
     D:6: 196 daAuts
